 Dungeon Crawl Stone Soup version 0.27.1-1-g398f81649c (webtiles) character file.

Game seed: 16682478282549969346

182 bpung the Ruffian (level 5, 0/46 HPs)
             Began as a Ghoul Monk on Sept 18, 2021.
             Slain by an orc wizard (2 damage)
             ... on level 3 of the Dungeon.
             The game lasted 00:04:33 (2811 turns).

bpung the Ruffian (Ghoul Monk)                      Turns: 2811, Time: 00:04:34

Health: 0/46       AC:  3    Str: 16    XL:     5   Next: 61%
Magic:  4/4        EV: 12    Int:  5    God:
Gold:   74         SH:  0    Dex: 11    Spells: 4/4 levels left

rFire    . . .     SeeInvis .   j - +3 flail
rCold    + . .     Faith    .   (no shield)
rNeg     + + +     Spirit   .   c - +0 leather armour
rPois    ∞         Reflect  .   (no helmet)
rElec    .         Harm     .   (no cloak)
rCorr    .         Rampage  .   (no gloves)
Will     .....                  (no boots)
Stlth    ++........             (no amulet)
HPRegen  0.00/turn              (no ring)
MPRegen  0.09/turn              (no ring)

@: brilliant, inhibited regen
A: claws 1, cold resistance 1, negative energy resistance 3, inhibited
regeneration, torment resistance 2
a: no special abilities


You were on level 3 of the Dungeon.
You visited 1 branch of the dungeon, and saw 3 of its levels.

You collected 74 gold pieces.

Inventory:

Hand Weapons
 j - a +3 flail (weapon)
Missiles
 f - 35 poisoned darts (quivered)
Armour
 a - a +0 robe
 c - a +0 leather armour (worn)
 d - a +0 tower shield
Scrolls
 g - a scroll of acquirement {unknown}
 h - a scroll of vulnerability {unknown}
 k - a scroll of identify {unknown}
 l - a scroll of teleportation {unknown}


   Skills:
 + Level 4.0 Fighting
 + Level 1.3 Maces & Flails
 + Level 1.9 Armour
 + Level 3.2 Dodging
 + Level 2.6 Stealth
 + Level 4.5 Unarmed Combat


You had 4 spell levels left.
You didn't know any spells.
Your spell library was empty.

Dungeon Overview and Level Annotations

Branches:
Dungeon (3/15)

Altars:


Innate Abilities, Weirdness & Mutations

You thrive by killing the living.
You are immune to poison.
You have sharp fingernails.
Your flesh is cold resistant. (rC+)
You are immune to negative energy. (rN+++)
You do not regenerate when monsters are visible.
You are immune to unholy pain and torment.


Message History

You hit the hobgoblin but do no damage.
The hobgoblin is almost dead.
The hobgoblin hits you.
* * * LOW HITPOINT WARNING * * *
The hobgoblin closely misses you.
You thump the hobgoblin!
You kill the hobgoblin!
You feel better. The endoplasm freezes you.
You are frozen.
You resist.
* * * LOW HITPOINT WARNING * * *
You hit the endoplasm but do no damage.
The endoplasm hits you but does no damage.
You hit the endoplasm.
The endoplasm is severely wounded.
The endoplasm misses you.
You hit the endoplasm but do no damage.
The endoplasm is severely wounded.
The endoplasm hits you.
* * * LOW HITPOINT WARNING * * *
The endoplasm barely misses you.
You hit the endoplasm.
You kill the endoplasm!
The orc wizard gestures at you while chanting.
You resist with some effort. The orc wizard barely misses you.
You see here a hobgoblin corpse.
You miss the orc wizard.
The orc wizard is heavily wounded.
The orc wizard gestures at you while chanting.
The magic dart hits you.
* * * LOW HITPOINT WARNING * * *
The orc wizard gestures at you while chanting.
The puff of flame misses you.
You aren't carrying any potions.
Unknown command.
You miss the orc wizard.
The orc wizard is heavily wounded.
The orc wizard hits you with a +0 dagger.
You die...

##### #...#####
#############o..#...########
+............@oo..#...........
#..........####o.##...........
#..........#####.##...........
##.............##o.#...........
#..............+...............
#..............###.............
###..........##### ##.###........
..#.)........########..##.#######
..#..................#.##.# #####


You could see an orc wizard and 3 orcs.

Vanquished Creatures
  A phantom (D:3)
  A jelly (D:3)
  2 adders
  A worm (D:2)
  2 dart slugs
  2 orcs (D:3)
  7 endoplasms
  4 giant cockroaches (D:2)
  2 goblins (D:2)
  5 hobgoblins
  3 jackals (D:2)
  2 quokkas
  6 ball pythons
  3 bats
  2 frilled lizards (D:3)
  3 kobolds
  5 rats
51 creatures vanquished.

Notes
Turn   | Place    | Note
-------+----------+-------------------------------------------
     0 | D:1      | bpung the Ghoul Monk began the quest for the Orb.
     0 | D:1      | Reached XP level 1. HP: 19/19 MP: 0/0
   381 | D:1      | Reached XP level 2. HP: 26/26 MP: 1/1
  1057 | D:1      | Found a faded altar of an unknown god.
  1208 | D:2      | Reached XP level 3. HP: 23/31 MP: 2/2
  1754 | D:2      | Reached XP level 4. HP: 30/39 MP: 3/3
  2062 | D:3      | Reached skill level 1 in Armour
  2716 | D:3      | Noticed a phantom
  2778 | D:3      | Killed a phantom
  2779 | D:3      | Reached skill level 1 in Maces & Flails
  2779 | D:3      | Reached XP level 5. HP: 9/46 MP: 4/4
  2810 | D:3      | HP: 2/46 [orc wizard/magic dart (4)]
  2811 | D:3      | Slain by an orc wizard

Illustrated notes

Levels and vault maps discovered:
D:1:      psy_arrival_dodecagon, layout_loops_corners,
          hellmonk_ecumenical_altar_crossroads, chequers_serial_rivers_micro_c
D:2:      layout_loops_cross
D:3:      layout_basic

Skill      XL: |  1  2  3  4 |
---------------+-------------+-----
Dodging        | 3 |  3.2
Unarmed Combat | 4 |  4.5
Armour         | 1 |  1.9
Fighting       | 4 |  4.0
Maces & Flails | 1 |  1.3
Stealth        | |  2.6

Action                   |  1- 3 |  4- 6 || total
-------------------------+-------+-------++-------
Melee: Unarmed           |   110 |    36 ||   146
       Flail             |       |    50 ||    50
       Punch             |       |     3 ||     3
  Use: Potion            |       |     3 ||     3
 Stab: Sleeping          |     3 |       ||     3
Armor: Leather armour    |    27 |    22 ||    49
Dodge: Dodged            |    95 |    74 ||   169
